Map: Sequencer LE

Players

Juxtapose - Winner!

  • Race: Protoss Protoss
  • Spawn Location: 7:00

A.I. 1 (Elite)

  • Race: Terran Terran
  • Spawn Location: 1:00

VOD

https://youtu.be/amGPhU6Ta0Y

Description

Looks like the AI was rushing here, but thankfully I had two Photon Overcharges ready to go.

I also enjoyed breaking out the Dark Templar; something I don't do too often.

Time

  • Played on: July 10, 2017, 9:25 p.m.
  • Length: 11:08
Show
View Real Time Build Order
Export as new Build Order

Juxtapose Protoss - Winner!

Build Orders:  

Get SALT Encoding   

  12  0:01  Probe (Chrono Boost)  
  13  0:12  Probe (Chrono Boost)  
  14  0:20  Pylon  
  14  0:22  Probe (Chrono Boost)  
  15  0:38  Probe (Chrono Boost)  
  15  0:39  Gateway  
  16  0:48  Probe (Chrono Boost)  
  17  0:54  Assimilator  
  17  0:59  Probe (Chrono Boost)  
  17  1:04  Pylon  
  18  1:09  Probe (Chrono Boost)  
  19  1:20  Probe (Chrono Boost)  
  20  1:30  Probe (Chrono Boost)  
  20  1:32  Cybernetics Core  
  21  1:36  Zealot  
  21  1:39  Assimilator  
  23  1:46  Probe (Chrono Boost)  
  24  1:52  Pylon  
  24  1:57  Probe (Chrono Boost)  
  25  2:07  Probe (Chrono Boost)  
  26  2:11  Warp Gate (Chrono Boost)  
  26  2:23  Adept  
  26  2:27  Mothership Core  
  30  2:37  Nexus  
  30  2:47  Pylon  
  30  2:52  Pylon  
  30  3:07  Sentry  
  32  3:24  Gateway  
  32  3:26  Gateway  
  32  3:28  Gateway  
  32  3:32  Pylon  
  32  3:45  Adept (Chrono Boost)  
  34  3:50  Probe  
  34  3:51  Probe  
  36  4:00  Probe  
  37  4:03  Probe  
  37  4:08  Forge  
  38  4:12  Twilight Council  
  34  4:31  Probe  
  34  4:33  Probe  
  34  4:37  Assimilator  
  36  4:39  Assimilator  
  36  4:42  Probe  
  36  4:45  Robotics Facility, Probe  
  38  4:51  Adept  
  38  4:52  Probe  
  40  4:53  Sentry  
  40  4:54  Sentry  
  40  4:57  Probe  
  46  5:02  Protoss Ground Weapons Level 1 (Chrono Boost)  
  46  5:03  Resonating Glaives (Chrono Boost)  
  46  5:04  Probe  
  47  5:09  Probe  
  47  5:13  Pylon  
  48  5:16  Probe  
  49  5:23  Probe  
  50  5:28  Probe  
  50  5:35  Probe  
  52  5:41  Observer  
  53  5:50  Dark Shrine  
  53  5:54  Probe  
  53  5:56  Probe  
  55  6:00  Adept x2  
  55  6:01  Adept  
  55  6:02  Stalker  
  63  6:06  Probe  
  63  6:08  Probe  
  65  6:20  Probe  
  65  6:24  Stalker  
  65  6:25  Stalker x2  
  72  6:30  Immortal  
  72  6:32  Probe  
  77  6:38  Pylon  
  77  6:42  Blink (Chrono Boost)  
  77  6:48  Protoss Ground Armor Level 1  
  76  6:54  Adept x2  
  76  6:55  Adept x2  
  84  7:11  Gateway  
  84  7:15  Immortal  
  88  7:24  Dark Templar x2  
  92  7:33  Dark Templar  
  94  7:47  Nexus  
  94  7:48  Pylon  
  94  7:50  Pylon  
  94  8:05  Pylon  
  94  8:06  Immortal  
  98  8:15  Dark Templar x2, Assimilator  
  98  8:16  Dark Templar  
  98  8:17  Stalker  
  106  8:35  Robotics Bay  
  106  8:45  Warp Prism  
  108  8:49  Adept  
  108  8:50  Adept, Stalker, Protoss Ground Weapons Level 2  
  108  8:51  Stalker  
  116  9:31  Nexus  
  116  9:32  Pylon  
  116  9:34  Pylon  
  115  10:06  Stalker  
  103  10:07  Stalker x2  
  103  10:08  Stalker x2  
  105  10:36  Dark Templar x2  
  105  10:37  Dark Templar x2  
  105  10:38  Dark Templar  
Show
View Real Time Build Order
Export as new Build Order

A.I. 1 (Elite) Terran 

Build Orders: MMM Bio 

Get SALT Encoding   

  12  0:00  SCV  
  13  0:13  SCV  
  14  0:19  Supply Depot  
  14  0:25  SCV  
  15  0:40  SCV  
  15  0:42  Barracks  
  16  0:45  Refinery  
  16  0:53  SCV  
  17  1:04  Barracks  
  17  1:05  SCV  
  18  1:17  SCV  
  19  1:28  Marine  
  19  1:31  Orbital Command  
  20  1:43  Barracks  
  20  1:46  Marine  
  21  1:50  Marine  
  22  2:00  Supply Depot  
  22  2:01  SCV  
  23  2:05  Barracks Tech Lab  
  23  2:09  Barracks Tech Lab  
  23  2:22  SCV  
  24  2:24  Marine  
  24  2:27  Stimpack, Marine  
  24  2:28  Concussive Shells  
  24  2:29  Marine  
  26  2:36  Supply Depot  
  27  2:41  Marine  
  28  2:45  Marine  
  28  2:47  SCV, Marine  
  31  3:00  Marauder  
  31  3:03  Marauder  
  31  3:05  Marine  
  35  3:08  Supply Depot  
  36  3:21  Marine, Combat Shields  
  36  3:22  SCV  
  36  3:23  Marine  
  39  3:29  Marine, Supply Depot  
  40  3:38  Marine  
  40  3:40  Refinery  
  41  3:47  Marauder  
  43  3:57  Marauder  
  45  4:03  SCV  
  46  4:13  Marauder  
  46  4:15  SCV  
  48  4:18  Marauder  
  48  4:21  Supply Depot  
  45  4:27  SCV  
  46  4:34  Marauder  
  48  4:39  Marine, Command Center  
  48  4:41  Marine  
  50  4:56  Marauder  
  50  4:57  Marine  
  50  4:59  Marine, Factory  
  54  5:08  Engineering Bay  
  54  5:27  Engineering Bay, Barracks Reactor  
  54  5:30  Marine  
  54  5:32  Marine  
  54  5:34  Terran Infantry Weapons Level 1  
  56  5:46  Factory Tech Lab  
  56  5:48  Marauder  
  58  5:52  SCV  
  58  5:53  Terran Infantry Armor Level 1  
  58  5:54  SCV  
  60  6:04  SCV  
  60  6:06  SCV  
  60  6:08  Siege Tank  
  65  6:17  SCV  
  66  6:18  SCV  
  66  6:24  Refinery  
  67  6:29  SCV  
  67  6:30  Marauder, SCV, Supply Depot  
  71  6:40  Siege Tank  
  71  6:41  SCV  
  75  6:48  Command Center  
  75  6:55  Orbital Command  
  75  6:56  SCV  
  76  7:06  Supply Depot  
  76  7:08  SCV  
  76  7:11  Starport  
  77  7:20  SCV  
  77  7:21  SCV  
  79  7:29  Siege Tank  
  82  7:32  SCV  
  82  7:35  Supply Depot  
  82  7:37  SCV  
  84  7:45  SCV  
  84  7:49  SCV  
  84  7:50  Starport Tech Lab  
  86  7:57  SCV  
  87  8:00  SCV  
  87  8:01  Siege Tank, Missile Turret, SCV  
  92  8:09  SCV  
  92  8:10  Armory  
  92  8:11  Raven  
  95  8:16  SCV  
  95  8:17  SCV  
  97  8:21  SCV  
  97  8:24  Missile Turret  
  98  8:28  SCV  
  98  8:30  Orbital Command  
  98  8:33  SCV  
  100  8:36  Missile Turret  
  100  8:40  SCV  
  101  8:41  Missile Turret  
  101  8:45  SCV  
  101  8:47  Barracks  
  102  8:51  Marine  
  102  8:52  SCV  
  102  8:54  Medivac  
  106  8:56  SCV  
  106  8:57  Supply Depot  
  106  8:58  SCV  
  108  9:03  Marine  
  108  9:04  SCV  
  112  9:10  Marauder, SCV  
  112  9:11  SCV  
  112  9:16  SCV  
  115  9:18  Siege Tank  
  115  9:22  Marauder, Supply Depot  
  115  9:24  Medivac  
  122  9:30  Missile Turret  
  122  9:34  Refinery  
  122  9:35  Refinery  
  122  9:40  SCV  
  122  9:44  Marauder x2, SCV  
  122  9:48  Supply Depot  
  119  9:59  Siege Tank, SCV  
  118  10:00  SCV  
  118  10:03  Marine  
  118  10:05  Marine  
  99  10:07  Marine  
  99  10:09  Marine  
  99  10:11  SCV, Marine  
  99  10:14  SCV  
  83  10:21  Marine  
  83  10:23  SCV, Marine  
  83  10:26  Marauder  
  83  10:27  Marine  
  63  10:42  Marauder  
  51  10:47  Marine  
Tags
 
Composition
MMM Bio
Matchup
PvT
Spawn Locations
Cross Positions
Add a new tag
Caveats
  • Supply blocks, unpowered buildings, or Contaminate may cause inaccurate times.
  • Supply counts are checked every 10 seconds.